cohdb
Replays
Latest Replays
All Replays
Popular Replays
Top Player Replays
Match Explorer
How It Works
Community
CoH3 Stats
Reddit
Sign in to upload your games and track your stats! →
Sign in with Steam
Match 44144676
Unlisted
Match 44144676
Overview
Messages
Build Orders
End
Construct Section Command Post
Infantry Section
Dingo Light Scout Car
Infantry Section
Construct Platoon Command Post
Humber Armored Car
Infantry Section
Humber Armored Car
6-pounder Anti-tank Gun Team
Selects Air and Sea Battlegroup
Selects Commando Section Paradrop
Commando Section Paradrop
Commando Section Paradrop
Construct Company Command Post
Construct Field Infirmary
Crusader II Medium Tank
Selects Commando Support Section Paradrop
Grenade Package
JollyRedRockett
Rurutia
Karta
Orb
뉴이르
diuy iu
0
0
Comments
sign in to comment!
No comments posted yet!